 Dungeon Crawl Stone Soup version 0.17-a0-1403-g9df874c (webtiles) character file.

1096 Frelus the Covert (level 8, 0/36 HPs)
             Began as a Spriggan Enchanter on June 20, 2015.
             Was an Initiate of Kikubaaqudgha.
             Slain by a centaur (6 damage)
             ... on level 5 of the Dungeon.
             The game lasted 00:13:13 (5762 turns).

Frelus the Covert (Spriggan Enchanter)              Turns: 5762, Time: 00:13:13

Health: 0/36       AC:  3    Str:  6    XL:     8   Next: 10%
Magic:  5/17       EV: 18    Int: 17    God:    Kikubaaqudgha [......]
Gold:   381        SH:  0    Dex: 16    Spells: 4 memorised, 9 levels left

rFire  + . .     SeeInvis +     a - +1 dagger
rCold  . . .     Clarity  .     b - +1 robe
rNeg   + . .     SustAt   .     (shield restricted)
rPois  .         Gourm    .     (helmet restricted)
rElec  .         Spirit   .     (no cloak)
rCorr  +         Warding  .     (gloves unavailable)
rMut   .         Stasis   .     (boots unavailable)
MR     +....                    l - amulet of resist corrosion
Stlth  +++++.....               v - ring of protection from fire
                                h - ring of positive energy

@: very slightly contaminated, hasted, very quick, somewhat resistant to hostile
enchantments, quite stealthy
A: unfitting armour, see invisible, herbivore 3, speed 3, slow metabolism 2
a: Renounce Religion


You were on level 5 of the Dungeon.
You worshipped Kikubaaqudgha.
Kikubaaqudgha was noncommittal.
You were not hungry.

You visited 2 branches of the dungeon, and saw 6 of its levels.

You collected 381 gold pieces.

Inventory:

Hand weapons
 a - a +1 dagger (weapon)
Armour
 b - a +1 robe (worn)
Jewellery
 h - a ring of positive energy (left hand)
 l - an amulet of resist corrosion (around neck)
 v - a ring of protection from fire (right hand)
 w - a +5 ring of dexterity {unknown}
Magical devices
 f - a wand of hasting (3)
 s - a wand of flame (16)
Scrolls
 g - a scroll of blinking
 m - 3 scrolls of identify
 o - 2 scrolls of recharging {unknown}
 r - 2 scrolls of random uselessness {unknown}
 t - a scroll of enchant weapon {unknown}
 u - a scroll of teleportation {unknown}
Potions
 e - 2 potions of invisibility {unknown}
 i - 3 potions of agility
 j - a potion of lignification
 k - a potion of flight {unknown}
 p - a potion of brilliance
 q - 2 potions of curing {unknown}
 x - a potion of resistance {unknown}
Books
 c - a book of Maledictions

   Spells                             Type                      Level
   a - Corona                         Hexes                        1
   b - Ensorcelled Hibernation        Hexes/Ice                    2
   c - Confuse                        Hexes                        3
   d - Tukima's Dance                 Hexes                        3
   e - Dazzling Spray                 Conjuration/Hexes            3
Comestibles
 d - 11 bread rations


   Skills:
 - Level 5.6 Short Blades
 - Level 3.0 Dodging
 - Level 9.4 Stealth
 - Level 5.5 Spellcasting
 + Level 6.3 Hexes


You had 9 spell levels left.
You knew the following spells:

 Your Spells              Type           Power        Failure   Level  Hunger
a - Corona                Hex            ####...      1%          1    None
b - Ensorcelled Hibernat  Hex/Ice        ###...       6%          2    #......
c - Confuse               Hex            ####....     3%          3    ##.....
d - Tukima's Dance        Hex            ####....     3%          3    ##.....


Dungeon Overview and Level Annotations

Branches:
Dungeon (5/15)             Temple (1/1) D:4

Altars:
Elyvilon
Fedhas
Kikubaaqudgha
Nemelex Xobeh
Okawaru
Trog
Vehumet
Xom
Zin
The Shining One


Innate Abilities, Weirdness & Mutations

You are tiny and cannot use many weapons and most armour.
You have supernaturally acute eyesight.
You are a herbivore.
You cover ground extremely quickly.
You need consume almost no food.


Message History

Confirm with . or Enter, or press ? or * to list all spells.
Aiming: Confuse
Press: ? - help, Shift-Dir - straight line, f/p - centaur
Aim: a centaur (chance to defeat MR: 55%)
The centaur resists with significant effort.
The centaur barely misses you. The centaur completely misses you.
Evoke which item? (* to show all) (? for menu, Esc to quit)
Zapping:
f - a wand of hasting (4)
Press: ? - help, Shift-Dir - straight line, f - you, p - centaur You feel yourself speed up.
You are very lightly contaminated with residual magic.
This wand has 3 charges left.
The centaur closely misses you.
Casting: Confuse
Confirm with . or Enter, or press ? or * to list all spells.
Aiming: Ensorcelled Hibernation
Press: ? - help, Shift-Dir - straight line, f - centaur
Aim: a centaur (chance to defeat MR: 46%)
The centaur resists with some effort.
The centaur hits you.
You die...
Kikubaaqudgha rasps: "You have failed me!
Welcome... death!"

.# ##)#########c# #.. .#### #.#
####.#### #.# ....# #.#
#...)...#### #.. ###.# ##+##
#..........# ### #.# ##...##
#.......##.# #.# ##.....##
#........#.# #.#
##.......###........#.#
###.###.........##........#.#####
......'.........@c...............
....###.........####...##.#######
#.#.# ##.......## ##.###.# #...
###.# ##.....## #####.## #.#.
....# ##...## #.#.# #.#. #####
##'## #..## #.#. ####.###### #.##
#.#. #.........# #.# #.#.
#.##.####.# #o# #...


You could see a centaur.

Vanquished Creatures
  The ghost of ninjanymous the Cudgeler, an average DsGl of Xom (D:4)
  Grinder (D:5)
  Menkaure (D:5)
  The ghost of ninjanymous the Cudgeler, an average DsGl of Ru (D:3)
  A scorpion (D:4)
  A quasit (D:5)
  2 orc priests
  2 hounds (D:5)
  3 orc wizards
  A worker ant (D:4)
  A worker ant zombie (D:5)
  A shadow imp (D:5)
  6 adders
  3 worms
  10 orcs
  2 ball pythons
  16 bats
  2 bat skeletons
  A bat zombie (D:5)
  11 goblins
  10 hobgoblins
  9 jackals
  12 kobolds
  3 quokkas
  3 giant cockroaches (D:5)
  2 giant geckos
  3 giant newts
  A jackal skeleton (D:5)
  11 rats
121 creatures vanquished.

Notes
Turn   | Place    | Note
--------------------------------------------------------------
     0 | D:1      | Frelus the Spriggan Enchanter began the quest for the Orb.
     0 | D:1      | Reached XP level 1. HP: 9/9 MP: 5/5
    42 | D:1      | Reached XP level 2. HP: 10/13 MP: 6/6
    47 | D:1      | Reached skill level 5 in Stealth
   294 | D:1      | Found a glowing golden altar of the Shining One.
   770 | D:1      | Reached XP level 3. HP: 16/16 MP: 8/8
   794 | D:1      | Reached skill level 6 in Stealth
  1070 | D:2      | Found a sparkling altar of Nemelex Xobeh.
  1136 | D:1      | Learned a level 2 spell: Ensorcelled Hibernation
  1140 | D:1      | Learned a level 3 spell: Confuse
  1412 | D:2      | Reached XP level 4. HP: 21/21 MP: 6/9
  2181 | D:3      | Reached skill level 7 in Stealth
  2181 | D:3      | Reached XP level 5. HP: 14/24 MP: 1/10
  2433 | D:3      | Found a blossoming altar of Fedhas.
  2794 | D:3      | Noticed ninjanymous's ghost (average DsGl)
  2921 | D:3      | Killed ninjanymous's ghost
  2921 | D:3      | Reached skill level 8 in Stealth
  3194 | D:3      | Reached XP level 6. HP: 28/28 MP: 11/11
  3750 | D:4      | Found a glowing silver altar of Zin.
  3787 | D:4      | Learned a level 3 spell: Tukima's Dance
  3929 | D:4      | Noticed ninjanymous's ghost (average DsGl)
  4067 | D:4      | Killed ninjanymous's ghost
  4067 | D:4      | Reached skill level 5 in Short Blades
  4067 | D:4      | Reached skill level 9 in Stealth
  4067 | D:4      | Reached XP level 7. HP: 32/32 MP: 1/12
  4214 | D:4      | Found a staircase to the Ecumenical Temple.
  4383 | Temple   | Entered the Ecumenical Temple
  4394 | Temple   | Became a worshipper of Kikubaaqudgha
  4535 | D:5      | Entered Level 5 of the Dungeon
  5115 | D:5      | Noticed Menkaure
  5119 | D:5      | Killed Menkaure
  5119 | D:5      | Reached skill level 5 in Hexes
  5309 | D:5      | Noticed Grinder
  5317 | D:5      | Killed Grinder
  5317 | D:5      | Reached skill level 5 in Spellcasting
  5317 | D:5      | Reached XP level 8. HP: 36/36 MP: 14/17
  5762 | D:5      | Slain by a centaur

Vault maps used:
D:1:      shiori_arrival_maze, tso_metal_star
D:2:      nemelex_xobeh_ov_fountains_minmay
D:3:      fedhas_altar_2
D:4:      overflow_temple_1_default, minmay_temple_entry_purple_smoke,
          first_bread
D:5:      uniq_menkaure, uniq_grinder
Temple:   water_room_temple_a_12

Action                   |  1- 3 |  4- 6 |  7- 9 || total
-------------------------+-------+-------+-------++-------
Melee: Dagger            |   133 |   154 |   121 ||   408
 Cast: Corona            |     2 |       |       ||     2
       Ensorcelled Hiber |     2 |     6 |    15 ||    23
       Confuse           |       |     8 |     3 ||    11
Evoke: Wand              |       |       |     1 ||     1
  Use: Scroll            |       |     7 |       ||     7
 Stab: Sleeping          |    14 |    17 |    18 ||    49
       Distracted        |     1 |       |     1 ||     2
       Confused          |       |     4 |     1 ||     5
  Eat: Pizza             |       |     2 |       ||     2
       Fruit             |       |       |     5 ||     5
